 Dungeon Crawl Stone Soup version 0.17.0-7-gfadd4cc (webtiles) character file.

296 tp1 the Conjurer (level 6, -10/32 HPs)
             Began as a Deep Elf Conjurer on Nov 8, 2015.
             Was an Initiate of Sif Muna.
             Mangled by a mummy (18 damage)
             ... in an ossuary.
             The game lasted 00:22:28 (5340 turns).

tp1 the Conjurer (Deep Elf Conjurer)                Turns: 5340, Time: 00:22:30

Health: -10/32     AC:  2    Str:  5    XL:     6   Next: 12%
Magic:  2/15       EV: 13    Int: 22    God:    Sif Muna [......]
Gold:   264        SH:  0    Dex: 15    Spells: 3 memorised, 7 levels left

rFire  . . .     SeeInvis .     u - +0 rapier (venom)
rCold  . . .     Clarity  +     a - +0 robe
rNeg   . . .     SustAt   .     (no shield)
rPois  .         Gourm    .     (no helmet)
rElec  .         Spirit   .     (no cloak)
rCorr  .         Warding  .     (no gloves)
rMut   .         Rnd*Tele +     (no boots)
MR     .....                    w - amulet of clarity
Stlth  +++.......               t - ring of teleportation (curse)
                                e - ring of stealth

@: not resistant to hostile enchantments, fairly stealthy
A: no striking features
a: Renounce Religion, Evoke Teleportation


You were in an ossuary.
You worshipped Sif Muna.
Sif Muna was noncommittal.
You were hungry.

You visited 1 branch of the dungeon, and saw 4 of its levels.
You also visited: Ossuary.

You collected 264 gold pieces.

Inventory:

Hand Weapons
 p - a +0 short sword
 u - a +0 rapier of venom (weapon)
Armour
 a - a +0 robe (worn)
Jewellery
 e - a ring of stealth (left hand)
 h - an uncursed amulet of resist mutation
 t - a cursed ring of teleportation (right hand)
 w - an amulet of clarity (around neck)
 y - an uncursed ring of stealth
Wands
 F - a wand of digging (12)
Scrolls
 d - a scroll of amnesia
 k - a scroll of enchant armour {unknown}
 l - 3 scrolls of teleportation {unknown}
 n - 2 scrolls of identify {unknown}
 r - a scroll of fear {unknown}
 s - a scroll of enchant weapon {unknown}
 v - a scroll of magic mapping {unknown}
 C - a scroll of immolation {unknown}
 E - a scroll of recharging {unknown}
Potions
 f - a potion of flight {unknown}
 i - 2 potions of brilliance {unknown}
 j - a potion of heal wounds {unknown}
 m - 2 potions of degeneration {unknown}
 o - a potion of mutation {unknown}
 q - a potion of lignification {unknown}
 x - a potion of magic {unknown}
 B - a potion of curing {unknown}
 D - a potion of agility {unknown}
Books
 b - a book of Conjurations

   Spells                             Type                      Level
   a - Magic Dart                     Conjuration                  1
   b - Searing Ray                    Conjuration                  2
   c - Dazzling Spray                 Conjuration/Hexes            3
   d - Fulminant Prism                Conjuration/Hexes            4
   e - Iskenderun's Mystic Blast      Conjuration                  4
   f - Iskenderun's Battlesphere      Conjuration/Charms           5
Comestibles
 c - 4 bread rations
 g - 3 beef jerkies
 A - 3 meat rations


   Skills:
 - Level 2.4 Dodging
 - Level 2.4 Stealth
 - Level 5.0 Spellcasting
 - Level 6.0 Conjurations
 + Level 5.3 Charms


You had 7 spell levels left.
You knew the following spells:

 Your Spells              Type           Power        Failure   Level  Hunger
a - Magic Dart            Conj           ####         1%          1    None
b - Searing Ray           Conj           ####..       1%          2    None
d - Iskenderun's Battles  Conj/Chrm      ####....     34%         5    #####..


Dungeon Overview and Level Annotations

Branches:
Dungeon (4/15)
 Temple: D:4-7

Altars:
Ashenzari
Gozag
Makhleb
Sif Muna
Trog
Xom
Yredelemnul
Zin


Message History

Ouch! That really hurt!
The mummy barely misses you.
Casting: Magic Dart
Confirm with . or Enter, or press ? or * to list all spells.
Aiming: Magic Dart
Press: ? - help, Shift-Dir - straight line, f - mummy
Aim: a mummy
Okay, then.
Casting: Magic Dart
Confirm with . or Enter, or press ? or * to list all spells.
Aiming: Searing Ray
Press: ? - help, Shift-Dir - straight line, f - mummy
Aim: a mummy The searing ray hits the mummy.
The mummy is lightly damaged.
The mummy hits you.
* * * LOW HITPOINT WARNING * * *
The mummy hits you!!
Ouch! That really hurt!
You die...

#.......??$!!..#
+........??!...#
#...M..........#
#..............#
####......#...##
#.........#...
#MM..#....# ..
#MM..#....#
#@M..#....#
#Z#####+###+######
..# #..Z#...
####+###+###'###'##
...............
.........ยง.....
###############


You could see 5 mummies and a goblin zombie.

Vanquished Creatures
  4 orc wizards (D:3)
  A worker ant (D:4)
  6 adders
  2 oozes
  An adder zombie (Ossuary)
  2 giant geckos
  5 orcs (D:3)
  A ball python (D:2)
  7 bats
  4 giant cockroaches
  10 goblins
  7 hobgoblins
  8 jackals
  2 quokkas
  5 giant newts
  A goblin zombie (Ossuary)
  A hobgoblin zombie (Ossuary)
  13 kobolds
  A quokka skeleton (D:4)
  2 quokka zombies (Ossuary)
  9 rats
  2 rat zombies (Ossuary)
  A fungus (D:1)
95 creatures vanquished.

Notes
Turn   | Place    | Note
--------------------------------------------------------------
     0 | D:1      | tp1 the Deep Elf Conjurer began the quest for the Orb.
     0 | D:1      | Reached XP level 1. HP: 10/10 MP: 6/6
    91 | D:1      | Found a shattered altar of Ashenzari.
   310 | D:1      | Reached XP level 2. HP: 15/15 MP: 5/8
   312 | D:1      | Reached skill level 5 in Conjurations
   766 | D:1      | Reached XP level 3. HP: 17/19 MP: 6/9
   770 | D:1      | Learned a level 2 spell: Searing Ray
  1485 | D:1      | Found a shattered altar of Ashenzari.
  1895 | D:2      | Reached skill level 6 in Conjurations
  2162 | D:2      | Found a shimmering altar of Xom.
  2236 | D:2      | Found a burning altar of Makhleb.
  2236 | D:2      | Found a bloodstained altar of Trog.
  2270 | D:2      | Reached XP level 4. HP: 24/24 MP: 8/11
  2636 | D:2      | Found an opulent altar of Gozag.
  2637 | D:2      | Found a glowing silver altar of Zin.
  2973 | D:2      | Found a shimmering altar of Xom.
  3161 | D:2      | Found an opulent altar of Gozag.
  3162 | D:2      | Found a glowing silver altar of Zin.
  3321 | D:3      | Found a basalt altar of Yredelemnul.
  3677 | D:3      | Reached skill level 5 in Spellcasting
  3761 | D:3      | Reached XP level 5. HP: 28/28 MP: 10/14
  3768 | D:3      | Learned a level 5 spell: Iskenderun's Battlesphere
  4464 | D:3      | Found a deep blue altar of Sif Muna.
  4467 | D:3      | Became a worshipper of Sif Muna the Loreminder
  4487 | D:3      | Found a deep blue altar of Sif Muna.
  4862 | D:3      | Found a basalt altar of Yredelemnul.
  5036 | D:4      | Reached skill level 5 in Charms
  5036 | D:4      | Reached XP level 6. HP: 25/32 MP: 10/15
  5254 | D:4      | Found a sand-covered staircase.
  5264 | Ossuary  | Entered an ossuary
  5340 | Ossuary  | Mangled by a mummy

Action                   |  1- 3 |  4- 6 || total
-------------------------+-------+-------++-------
Melee: Unarmed           |     4 |       ||     4
       Dagger            |    29 |       ||    29
       Rapier            |       |     4 ||     4
 Cast: Magic Dart        |    84 |    92 ||   176
       Searing Ray       |     2 |    10 ||    12
       Iskenderun's Batt |       |     2 ||     2
  Use: Scroll            |     3 |       ||     3
  Eat: Chunk             |     4 |     9 ||    13
